 Dungeon Crawl Stone Soup version 0.30-a0-414-gcb316572d5 (webtiles) character file.

Game seed: 14318512941395007706

300 qeuew the Trooper (level 6, -4/55 HPs)
             Began as a Hill Orc Fighter on Dec 7, 2022.
             Slain by a yak (9 damage)
             ... on level 7 of the Dungeon.
             The game lasted 00:03:43 (2367 turns).

qeuew the Trooper (Hill Orc Fighter)                Turns: 2367, Time: 00:03:44

Health: -4/55      AC:  8    Str: 20    XL:     6   Next: 36%
Magic:  6/6        EV: 10    Int:  7    God:
Gold:   192        SH:  5    Dex: 14    Spells: 5/5 levels left

rFire   . . .      SeeInvis .    a - +0 war axe
rCold   + . .      Faith    .    c - +0 buckler
rNeg    . . .      Spirit   .    b - +1 scale mail
rPois   +          Reflect  .    (no helmet)
rElec   .          Harm     .    (no cloak)
rCorr   .          Rampage  .    (no gloves)
Will    .....                    (no boots)
Stlth   ..........               (no amulet)
HPRegen 0.29/turn                n - ring of protection from cold
MPRegen 0.10/turn                (no ring)

@: about to teleport
A: agile 1, poison resistance
a: no special abilities


You were on level 7 of the Dungeon.
You visited 1 branch of the dungeon, and saw 5 of its levels.

You collected 192 gold pieces.

Inventory:

Hand Weapons
 a - a +0 war axe (weapon)
Armour
 b - a +1 scale mail (worn)
 c - a +0 buckler (worn)
Jewellery
 n - a ring of protection from cold (left hand)
Wands
 f - a wand of paralysis (15)
 k - a wand of roots (7)
Potions
 g - a potion of ambrosia
 h - a potion of cancellation
 m - a potion of flight


   Skills:
 + Level 4.8 Fighting
 + Level 4.3 Axes
 + Level 4.4 Armour
 + Level 1.9 Dodging
 + Level 4.4 Shields
 + Level 1.1 Evocations


You had 5 spell levels left.
You didn't know any spells.
Your spell library contained the following spells:

 Spells                   Type           Power      Damage    Failure   Level
 Dazzling Flash           Conj/Hex       0%         N/A       99%         3
 Iskenderun's Mystic Bla  Conj/Tloc      0%         2d3       100%        4
 Starburst                Conj/Fire      0%         6d3       100%        6


Dungeon Overview and Level Annotations

Branches:
Dungeon (4/15)             Temple (0/1) D:4

Altars:

Annotations:
D:3 2 transporters


Innate Abilities, Weirdness & Mutations

You are agile. (Dex +4, Str/Int -1)
Your system is resistant to poisons. (rPois)


Message History

The yak bellows!
The yak gores you but does no damage.
A yak comes into view.
You slash the yak!
The yak is moderately wounded.
The yak gores you! The yak barely misses you.
You barely miss the yak.
The yak is moderately wounded.
You block the yak's attack.
You hit the yak but do no damage.
The yak is moderately wounded.
You block the yak's attack.
You hit the yak but do no damage.
The yak is moderately wounded.
The yak gores you!
You barely miss the yak.
The yak is moderately wounded.
The yak gores you! The yak gores you.
You are too injured to fight recklessly!
You are too injured to fight recklessly!
You are too injured to fight recklessly!
You are too injured to fight recklessly!
You are too injured to fight recklessly!
You are too injured to fight recklessly!
You are too injured to fight recklessly!
You are too injured to fight recklessly!
You are too injured to fight recklessly!
You are too injured to fight recklessly!
You are too injured to fight recklessly!
You are too injured to fight recklessly!
Unknown command.
Okay, then.
As you read the scroll of teleportation, it crumbles to dust.
You feel strangely unstable. The yak gores you!
* * * LOW HITPOINT WARNING * * *
Unknown command.
The yak attacks as you move away! The yak gores you!
* * * LOW HITPOINT WARNING * * *
The yak attacks as you move away! The yak gores you!
You die...

#### #..######
#####....#..####
...............#
.###......##..##
###......#...#
#..##.@....###
#....#YY....####
##..###Y.......##
#..............#
#(............##
..............##
...##.......###
... ##......# .
##......#


You could see 3 yaks.

Vanquished Creatures
  A necrophage (D:3)
  A hound (D:2)
  A jelly (D:7)
  Ijyb (D:3)
  Terence (D:2)
  4 adders (D:3)
  4 dart slugs
  4 orcs (D:3)
  9 endoplasms
  3 giant cockroaches
  4 goblins
  6 hobgoblins
  8 jackals
  7 kobolds
  2 quokkas
  8 ball pythons
  7 bats
  A frilled lizard (D:1)
  6 rats
78 creatures vanquished.

Vanquished Creatures (others)
  2 plants (D:1)
2 creatures vanquished.

Grand Total: 80 creatures vanquished

Notes
Turn   | Place    | Note
-------+----------+-------------------------------------------
     0 | D:1      | qeuew the Hill Orc Fighter began the quest for the Orb.
     0 | D:1      | Reached XP level 1. HP: 19/19 MP: 1/1
    41 | D:1      | Found a faded altar of an unknown god.
    67 | D:1      | Reached XP level 2. HP: 5/27 MP: 2/2
   510 | D:1      | Reached XP level 3. HP: 32/33 MP: 3/3
   834 | D:1      | Gained mutation: You are agile. (Dex +4, Str/Int -1)
                  | [potion of mutation]
   834 | D:1      | Gained mutation: Your system is resistant to poisons.
                  | (rPois) [potion of mutation]
   921 | D:2      | Noticed Terence
   936 | D:2      | Killed Terence
   937 | D:2      | Reached skill level 1 in Dodging
   937 | D:2      | Reached XP level 4. HP: 10/40 MP: 4/4
  1364 | D:2      | Reached XP level 5. HP: 43/47 MP: 5/5
  1609 | D:3      | Found a transporter.
  1630 | D:3      | Noticed Ijyb
  1635 | D:3      | Killed Ijyb
  1704 | D:3      | Found a transporter.
  2118 | D:3      | Reached skill level 1 in Evocations
  2118 | D:3      | Reached XP level 6. HP: 41/53 MP: 6/6
  2278 | D:4      | You fall into a shaft and drop 3 floors!
  2344 | D:7      | Noticed a yak
  2358 | D:7      | Noticed a yak
  2358 | D:7      | Noticed a yak
  2367 | D:7      | Slain by a yak

Illustrated notes

Levels and vault maps discovered:
D:1:      dpeg_arrival_oval, layout_basic,
          shapermc_ecumenical_altar_starsandcircs, serial_bayou_lake_a
D:2:      layout_basic, uniq_terence
D:3:      gammafunk_steamed_eel, layout_basic, minmay_divided_ellipse, uniq_ijyb
D:4:      layout_cave_pools, lemuel_crystal_altar, minmay_temple_entry_tees,
          enter_ossuary_1, nicolae_shop_vocational
D:7:      layout_cave_pools, enter_bailey_4

Skill      XL: |  1  2  3  4  5 |
---------------+----------------+-----
Axes           | 3 4 |  4.3
Fighting       | 4 |  4.8
Dodging        | 1 |  1.9
Shields        | 4 |  4.4
Armour         | 4 |  4.4
Evocations     | 1 |  1.1

Action                   |  1- 3 |  4- 6 || total
-------------------------+-------+-------++-------
Melee: War axe           |    75 |   105 ||   180
  Use: Scroll            |     3 |    11 ||    14
       Potion            |     2 |     1 ||     3
Armor: Scale mail        |    44 |    53 ||    97
Dodge: Dodged            |    65 |    67 ||   132
Block: Buckler           |    28 |    34 ||    62

Table legend: (Time is in decaauts)
 A = Elapsed time spent in this place.
 B = Non-inter-level travel time spent in this place.
 C = Inter-level travel time spent in this place.
 D = Time resting spent in this place.
 E = Time spent auto-exploring this place.
 F = Levels seen in this place.
 G = Mean time per level.
                   A        B        C        D        E       F      G
               +--------+--------+--------+--------+--------+-----+--------+
         Total |   2466 |   2340 |    126 |      0 |   1869 |   5 |  493.2 |
       Dungeon |   2466 |   2340 |    126 |      0 |   1869 |   5 |  493.2 |
               +--------+--------+--------+--------+--------+-----+--------+

Top non-repeatable levels by time:
     D:1: 916 daAuts
     D:3: 786 daAuts
     D:2: 667 daAuts
     D:7: 92 daAuts
     D:4: 3 daAuts
